 Dungeon Crawl Stone Soup version 0.19.1 (webtiles) character file.

583059 Hysic the Pyromancer (level 27, -11/164 HPs)
             Began as a Gargoyle Earth Elementalist on Dec 25, 2016.
             Was the Champion of Vehumet.
             Mangled by a juggernaut (13 damage)
             ... on level 3 of the Depths on Dec 26, 2016.
             The game lasted 07:42:39 (128499 turns).

Hysic the Pyromancer (GrEE)                       Turns: 128499, Time: 07:42:39

Health: -11/164    AC: 35    Str: 16    XL:     27
Magic:  3/55       EV: 17    Int: 28    God:    Vehumet [******]
Gold:   1242       SH:  0    Dex: 10    Spells: 12 memorised, 2 levels left

rFire  . . .     SeeInvis .     e - staff of energy
rCold  . . .     Gourm    +     B - +2 robe {Archmagi}
rNeg   + . .     Faith    .     (no shield)
rPois  ∞         Spirit   .     (no helmet)
rElec  +         Reflect  .     f - +2 cloak
rCorr  .         Harm     .     l - +2 pair of gloves
MR     ++++.                    j - +2 pair of boots
Stlth  ++........               J - amulet of the gourmand
                                m - ring of the Mage {Wiz MR++ Int+3}
                                D - ring of magical power

@: about to teleport, flying
A: big wings, negative energy resistance 1, electricity resistance, unbreathing,
petrification resistance, rot immunity, AC +20
a: Stop Flying, Renounce Religion
}: 3/15 runes: serpentine, barnacled, silver


You were on level 3 of the Depths.
You worshipped Vehumet.
Vehumet was exalted by your worship.
You were full.

You visited 9 branches of the dungeon, and saw 43 of its levels.
You also visited: Sewer and Wizlab.

You collected 5399 gold pieces.
You spent 4157 gold pieces at shops.

Inventory:

Hand Weapons
 a - a +6 demon whip of electrocution
Missiles
 h - 40 stones (quivered)
Armour
 f - a +2 cloak (worn)
 j - a +2 pair of boots (worn)
 l - a +2 pair of gloves (worn)
 p - a +2 robe of resistance
 B - a +2 robe of the Archmagi (worn)
 F - a +2 pair of boots of running
Magical Staves
 e - an uncursed staff of energy (weapon)
 o - an uncursed staff of earth
Jewellery
 b - an uncursed ring of positive energy
 i - the ring "Viyff" {*Drain rElec rPois Int+3 SInv}
   (You found it on level 5 of the Vaults)

   [ring of poison resistance]

   It affects your intelligence (+3).
   It insulates you from electricity.
   It protects you from poison.
   It lets you see invisible.
   It causes draining when unequipped.
 m - the ring of the Mage (right hand) {Wiz MR++ Int+3}
   (You bought it in a shop on level 8 of the Dungeon)

   [ring of wizardry]

   It improves your spell success rate.
   It affects your intelligence (+3).
   It affects your resistance to hostile enchantments.
 n - an uncursed ring of see invisible
 x - an uncursed ring of magical power
 D - a ring of magical power (left hand)
 J - an amulet of the gourmand (around neck)
Wands
 s - a wand of heal wounds (4/9)
 G - a wand of hasting (1/9)
 H - a wand of digging (22/24)
 M - a wand of digging (4/24)
 N - a wand of disintegration (6/24)
 O - a wand of teleportation (5/9)
 Y - a wand of disintegration (15/24)
Scrolls
 g - a scroll of fog
 q - a scroll of holy word
 v - 2 scrolls of fear
 w - 2 scrolls of immolation
 y - 2 scrolls of recharging
 A - 2 scrolls of amnesia
 C - 8 scrolls of remove curse
 I - a scroll of enchant armour
 K - a scroll of summoning
 R - 5 scrolls of identify
 X - 4 scrolls of magic mapping
Potions
 r - 18 potions of curing
 E - 3 potions of agility
 L - 4 potions of might
 Q - 3 potions of cancellation
Books
 W - a book of Annihilations

   Spells                             Type                      Level
   a - Poison Arrow                   Conjuration/Poison           6
   b - Chain Lightning                Conjuration/Air              8
   c - Lehudib's Crystal Spear        Conjuration/Earth            8
   d - Glaciate                       Conjuration/Ice              9
   e - Fire Storm                     Conjuration/Fire             9
Miscellaneous
 c - a disc of storms
Comestibles
 d - 23 bread rations
 k - 25 meat rations


   Skills:
 - Level 14.4 Fighting
 - Level 14.3 Maces & Flails
 - Level 9.4 Armour
 - Level 11.9 Dodging
 - Level 2.1 Stealth
 - Level 19.1 Spellcasting
 - Level 15.8 Conjurations
   Level 0.7 Transmutations
 + Level 23.2 Fire Magic
 - Level 7.1 Ice Magic
 - Level 20.9 Earth Magic
 - Level 4.0 Evocations


You had 2 spell levels left.
You knew the following spells:

 Your Spells              Type           Power        Failure   Level  Hunger
a - Shatter               Erth           ########..   3%          9    None
b - Stone Arrow           Conj/Erth      ######       0%          3    None
c - Lee's Rapid Deconstr  Erth           ########..   0%          5    None
d - Iskenderun's Battles  Conj/Chrm      #######.     1%          5    None
e - Blink                 Tloc           N/A          1%          2    None
f - Bolt of Magma         Conj/Fire/Erth ########..   0%          5    None
g - Iron Shot             Conj/Erth      ########..   1%          6    None
h - Bolt of Draining      Conj/Necr      #######...   1%          5    None
i - Freezing Cloud        Conj/Ice/Air   #######...   1%          6    None
j - Fire Storm            Conj/Fire      ########..   5%          9    None
k - Repel Missiles        Chrm/Air       #####.       1%          2    None
q - Fireball              Conj/Fire      ########..   0%          5    None


Dungeon Overview and Level Annotations

Branches:
Dungeon (15/15)            Temple (1/1) D:4            Lair (6/6) D:10
 Shoals (4/4) Lair:4        Snake (4/4) Lair:4        Slime (0/5) Lair:6
    Orc (2/2) D:9             Elf (3/3) Orc:2        Vaults (5/5) D:13
  Crypt (0/3) Vaults:3     Depths (3/5) D:15

Altars:
Ashenzari
Cheibriados
Dithmenos
Elyvilon
Fedhas
Gozag
Hepliaklqana
Kikubaaqudgha
Makhleb
Nemelex Xobeh
Okawaru
Qazlal
Ru
Sif Muna
Trog
Uskayaw
Vehumet
Xom
Yredelemnul
Zin
The Shining One
Beogh

Shops:
D:8 :==(:   D:9 =(?%[   D:10 !   D:14 (*   Orc:2 *([=   Elf:2 (*:   Elf:3 %
Shoals:1 [}   Snake:2 :==%   Vaults:1 !   Vaults:3 [   Depths:1 [?

Portals:
Hell: Depths:1 Depths:2
Abyss: Depths:2
Pandemonium: Depths:3
Ziggurat: Depths:1


Innate Abilities, Weirdness & Mutations

You are resistant to torment.
Your stone body is resilient. (AC +20)
You are immune to poison.
Your large and strong wings let you fly indefinitely.
You resist negative energy. (rN+)
You are resistant to electric shocks. (rElec)
You can survive without breathing.
You are immune to petrification.
You are immune to rotting.


Message History

You start resting.
A juggernaut is nearby!
A juggernaut is nearby!
Casting: Iron Shot
Confirm with . or Enter, or press ? or * to list all spells.
Aiming: Iron Shot
Press: ? - help, Shift-Dir - straight line, f - juggernaut
Aim: a juggernaut (moderately wounded)
You feel a surge of power!
The iron shot hits the juggernaut.
The juggernaut is heavily wounded.
You hear a shout!
Casting: Iron Shot
Confirm with . or Enter, or press ? or * to list all spells.
You don't have enough magic to cast that spell.
Unknown command.
As you read the scroll of teleportation, it crumbles to dust.
You feel strangely unstable. The juggernaut hits you!!!
* * * LOW HITPOINT WARNING * * *
The juggernaut hits you!
You die...

... ... ... ......
###... ......
...... ...... .
#..... ##...... ..
...#..###...... ...
#....#...........
##.#.(....### .....
#.........C@#).....
...#......).)......
. .###..(.........
#(##.......... #.
###........ #
.#..).... . .......
.. . ...#... ... ..
..##... ...


You could see a juggernaut.

Vanquished Creatures
  An ancient lich (WizLab)
  Mara (Depths:1)
  Sojobo (Depths:1)
  A caustic shrike (Depths:2)
  6 golden dragons
  the Enchantress (Depths:1)
  3 tentacled monstrosities
  A lich (Vaults:5)
  Rupert (D:15)
  Asterion (Depths:1)
  A quicksilver dragon (Vaults:5)
  2 deep elf master archers (Elf:3)
  A kraken (Shoals:2)
  2 deep elf blademasters
  6 titans
  2 ancient champions
  4 sphinxes
  6 tengu reavers
  2 storm dragons (Vaults:4)
  Roxanne (Elf:2)
  10 fire giants
  5 shadow dragons
  Donald (Orc:2)
  Ilsuiw (Shoals:4)
  8 nagarajas
  An orc warlord (Orc:2)
  5 deep elf sorcerers
  6 frost giants
  4 iron dragons
  18 vault wardens
  2 juggernaut zombies (Depths:3)
  Aizul (Vaults:1)
  4 spriggan defenders
  9 deep elf elementalists
  A ghoul (Vaults:4)
  20 ironheart preservers
  5 war gargoyles
  14 very ugly things
  Nessos (D:14)
  21 stone giants
  4 entropy weavers
  4 vampire knights
  9 deep elf demonologists
  3 spark wasps
  21 deep elf annihilators
  A dire elephant (D:15)
  Azrael (D:14)
  11 deep elf death magi
  A small abomination (Vaults:4)
  3 merfolk javelineers (Shoals:4)
  13 ettins
  13 merfolk impalers
  A large abomination (Vaults:2)
  7 fire dragons
  2 deep elf high priests
  19 yaktaur captains
  29 vault guards
  8 great orbs of eyes
  8 ice dragons
  13 hydras
  4 rakshasas
  A spriggan air mage (Depths:1)
  21 anacondas
  27 naga warriors
  2 merfolk avatars
  A hydra (shapeshifter) (Vaults:5)
  8 merfolk aquamancers
  A catoblepas (D:14)
  Erica (Lair:1)
  An alligator snapping turtle (Shoals:4)
  9 centaur warriors
  3 death knights
  A queen ant (Lair:3)
  31 dancing weapons
  A titan zombie (Vaults:4)
  3 death yaks (Lair:4)
  5 orc high priests (Orc:2)
  6 tengu warriors
  12 ogre magi
  9 deep troll shamans
  12 deep troll earth magi
  The ghost of Jerry the Carver, a novice DgSk (D:10)
  16 shock serpents
  A spriggan berserker (Depths:3)
  25 naga sharpshooters
  36 deep elf knights
  2 shadow wraiths
  A fire crab (shapeshifter) (Vaults:2)
  3 iron trolls
  A salamander mystic (Snake:3)
  11 skeletal warriors
  8 hell knights
  34 deep trolls
  3 unseen horrors
  3 flayed ghosts
  A sea snake (shapeshifter) (Vaults:5)
  2 golden dragon zombies (Depths:1)
  15 sea snakes
  2 shadow dragon zombies
  8 hill giants
  5 glowing orange brains
  A swamp dragon (shapeshifter) (Vaults:5)
  Pikel (D:9)
  17 ironbrand convokers
  9 wizards
  19 orc knights
  25 deep elf archers
  13 naga ritualists
  19 harpies
  5 phantasmal warriors
  A frost giant zombie (Vaults:4)
  6 wolf spiders
  22 mana vipers
  7 orc sorcerers
  85 deep elf magi
  8 necromancers
  A wolf spider zombie (D:14)
  A wolf spider (shapeshifter) (Vaults:4)
  A shining eye (shapeshifter) (Vaults:4)
  A shadow dragon skeleton (Vaults:4)
  2 oklob plants (Lair:1)
  10 fauns (Shoals:1)
  2 tengu skeletons
  18 salamanders
  An orb spider (shapeshifter) (Vaults:2)
  26 ugly things
  17 manticores
  A manticore (shapeshifter) (Vaults:5)
  2 fire giant skeletons (Vaults:4)
  12 cyclopes
  A cyclops (shapeshifter) (Vaults:3)
  7 water nymphs
  4 sirens
  A stone giant skeleton (Vaults:4)
  12 guardian serpents
  27 naga magi
  Psyche (D:10)
  60 black mambas
  3 frost giant skeletons
  20 spiny frogs
  An eye of devastation (shapeshifter) (Depths:2)
  3 gargoyles
  16 vault sentinels
  A torpor snail (Lair:5)
  A human zombie (Vaults:4)
  4 rime drakes
  4 freezing wraiths
  64 yaktaurs
  3 hellwings (Depths:3)
  An efreet (D:14)
  4 tengu conjurers
  8 komodo dragons
  35 merfolk
  A jumping spider (Vaults:2)
  A jumping spider (shapeshifter) (Vaults:4)
  2 red devils (Depths:3)
  23 two-headed ogres
  8 polar bears
  A sphinx simulacrum (Vaults:4)
  A harpy skeleton (D:15)
  8 trolls
  A hippogriff (shapeshifter) (Elf:2)
  15 wind drakes
  37 slime creatures
  28 blink frogs
  10 hornets
  Grinder (D:6)
  9 snapping turtles
  A fire giant simulacrum (Vaults:1)
  A tengu simulacrum (Vaults:3)
  15 hippogriffs
  A stone giant simulacrum (Vaults:2)
  7 redbacks
  24 dream sheep
  5 air elementals
  Sigmund (D:5)
  5 vampires
  A spriggan (shapeshifter) (Vaults:3)
  14 spriggans
  An elf zombie (Vaults:4)
  A tarantella (shapeshifter) (Depths:2)
  3 wyverns
  13 water elementals
  6 wraiths
  56 yaks
  6 hill giant zombies (WizLab)
  Eustachio (D:6)
  3 basilisks
  3 hungry ghosts
  2 steam dragons (Shoals:3)
  A basilisk (shapeshifter) (Vaults:3)
  8 fire elementals
  2 human simulacra
  An elf skeleton (Depths:3)
  9 vampire mosquitoes
  Edmund (D:5)
  15 wargs
  2 mottled dragons (D:12)
  Duvessa (D:6)
  A soldier ant (shapeshifter) (Vaults:4)
  11 soldier ants
  22 water moccasins
  A deep troll zombie (Vaults:4)
  91 nagas
  A hell hound (D:14)
  A floating eye (shapeshifter) (Vaults:4)
  12 porcupines
  4 sky beasts
  2 ice beasts
  3 black bears
  51 orc warriors
  An ettin simulacrum (Vaults:3)
  A black bear (shapeshifter) (Vaults:3)
  10 boggarts
  A phantom (D:9)
  A necrophage (D:9)
  35 ogres
  35 wolves
  24 centaurs
  23 crocodiles
  5 big kobolds
  A crocodile (shapeshifter) (Vaults:3)
  Blork the orc (D:6)
  21 bullfrogs
  A wyvern zombie (D:7)
  2 earth elementals (Elf:3)
  A wyvern skeleton (D:11)
  6 scorpions
  Dowan (D:6)
  7 troll zombies (WizLab)
  6 killer bees (D:12)
  9 wights
  4 electric eels
  13 crimson imps
  4 lava snakes (D:10)
  5 hounds
  Crazy Yiuf (D:2)
  A bullfrog skeleton (D:13)
  4 centaur zombies
  11 orc priests
  4 jellies
  3 quasits
  30 orc wizards
  34 worker ants
  3 iguanas
  3 killer bee zombies
  6 ogre zombies (WizLab)
  2 hound zombies
  A hound skeleton (D:5)
  8 gnolls
  A howler monkey skeleton (D:11)
  A river rat (D:6)
  14 adders
  5 shadow imps
  12 white imps
  9 oozes (Sewer)
  An adder zombie (D:6)
  A worm (D:3)
  2 dart slugs (D:1)
  19 leopard geckos
  97 orcs
  8 bats
  22 giant cockroaches
  9 goblins
  5 hobgoblins
  3 jackals (D:10)
  43 kobolds
  7 quokkas
  11 ball pythons
  14 frilled lizards
  A jackal skeleton (D:4)
  A leopard gecko skeleton (D:4)
  A quokka skeleton (D:6)
  A quokka zombie (D:5)
  12 rats
  10 crawling corpses
  A fire vortex (Depths:3)
  22 plants
  A tentacle (Shoals:2)
2522 creatures vanquished.

Vanquished Creatures (collateral kills)
  A rakshasa (Depths:3)
  A yak (Lair:1)
  A boggart (Depths:3)
3 creatures vanquished.

Vanquished Creatures (others)
  A deep elf mage (Vaults:2)
  A hound (D:9)
  A bush (Lair:3)
  21 fire vortices
  36 fungi
  59 plants
  3 tentacles (Shoals:2)
122 creatures vanquished.

Grand Total: 2647 creatures vanquished

Notes
Turn   | Place    | Note
-------+----------+-------------------------------------------
     0 | D:1      | Hysic the Gargoyle Earth Elementalist began the quest for the Orb.
     0 | D:1      | Reached XP level 1. HP: 10/10 MP: 3/3
   171 | D:1      | Reached XP level 2. HP: 15/15 MP: 3/5
   422 | D:1      | Reached XP level 3. HP: 19/19 MP: 2/7
   566 | D:1      | Learned a level 3 spell: Stone Arrow
  1210 | D:2      | Found a faded altar of an unknown god.
  1702 | D:2      | Found a runed door.
  1706 | D:2      | Noticed Crazy Yiuf
  1713 | D:2      | Killed Crazy Yiuf
  1713 | D:2      | Reached XP level 4. HP: 18/24 MP: 0/9
  1828 | D:2      | Found a blossoming altar of Fedhas.
  2030 | D:3      | Reached skill level 1 in Conjurations
  2030 | D:3      | Reached XP level 5. HP: 15/28 MP: 10/10
  2642 | D:3      | Found a burning altar of Makhleb.
  3013 | D:2      | Reached skill level 5 in Earth Magic
  3331 | D:4      | Reached XP level 6. HP: 25/32 MP: 1/12
  3744 | D:4      | Reached skill level 5 in Spellcasting
  3801 | D:4      | Found a staircase to the Ecumenical Temple.
  3810 | Temple   | Entered the Ecumenical Temple
  4329 | D:4      | Reached XP level 7. HP: 36/36 MP: 9/14
  5087 | D:5      | Entered Level 5 of the Dungeon
  5493 | D:4      | Learned a level 5 spell: Lee's Rapid Deconstruction
  5767 | D:5      | Noticed Sigmund
  5783 | D:5      | Killed Sigmund
  5783 | D:5      | Reached XP level 8. HP: 41/41 MP: 13/17
  5821 | D:5      | Got a scorched cloak
  5832 | D:5      | Identified the cursed +0 cloak of Experimentation {*Slow rPois Str+4} (You found it on level 5 of the Dungeon)
  5938 | D:5      | Noticed Edmund
  5950 | D:5      | Killed Edmund
  6954 | D:6      | Noticed Grinder
  6958 | D:6      | Killed Grinder
  6958 | D:6      | Reached skill level 5 in Conjurations
  7050 | D:6      | Reached XP level 9. HP: 45/45 MP: 20/20
  7053 | D:6      | Noticed Duvessa
  7053 | D:6      | Noticed Dowan
  7072 | D:6      | Killed Dowan
  7099 | D:6      | Killed Duvessa
  7156 | D:6      | Noticed Blork the orc
  7160 | D:6      | Killed Blork the orc
  7289 | D:6      | Found a glowing drain.
  7294 | Sewer    | Entered a sewer
  8554 | D:6      | Found a radiant altar of Vehumet.
  8557 | D:6      | Found a shimmering altar of Xom.
  8563 | D:6      | Became a worshipper of Vehumet
  8668 | D:6      | Reached skill level 1 in Maces & Flails
  9033 | D:6      | Noticed Eustachio
  9039 | D:6      | Killed Eustachio
  9039 | D:6      | Reached skill level 1 in Fighting
  9039 | D:6      | Reached skill level 1 in Armour
  9768 | D:7      | Noticed a gargoyle
  9772 | D:7      | Killed a gargoyle
 10301 | D:7      | Reached XP level 10. HP: 44/53 MP: 22/22
 10364 | D:7      | Noticed a gargoyle
 10366 | D:7      | Killed a gargoyle
 10366 | D:7      | Reached * piety under Vehumet
 10366 | D:7      | Offered knowledge of Shock by Vehumet.
 11380 | D:8      | Found Zucwuobe's Jewellery Emporium.
 11385 | D:8      | Got a smoking falchion
 11560 | D:8      | Identified the cursed +3 falchion of Division {freeze, +Inv} (You found it on level 8 of the Dungeon)
 11726 | D:8      | Offered knowledge of Magic Dart by Vehumet.
 11730 | D:8      | Reached ** piety under Vehumet
 11816 | D:8      | Found Jafuet's Jewellery Emporium.
 11869 | D:8      | Found Ethroixze's Book Shoppe.
 11902 | D:8      | Found Etrots's Antique Weapon Shop.
 12101 | D:8      | Found Fyufecye's Book Boutique.
 12203 | D:8      | Bought the ring of the Mage {Wiz MR++ Int+3} for 620 gold pieces
 12581 | D:9      | Found Duamip's Antique Armour Shoppe.
 12642 | D:9      | Offered knowledge of Static Discharge by Vehumet.
 12642 | D:9      | Reached XP level 11. HP: 32/60 MP: 24/24
 13079 | D:9      | Found Dueblyull's Magic Scroll Emporium.
 13127 | D:9      | Found Vetsuh's Antique Weapon Emporium.
 13156 | D:9      | Reached *** piety under Vehumet
 13203 | D:9      | Found a staircase to the Orcish Mines.
 13341 | D:9      | Reached skill level 10 in Spellcasting
 13520 | D:9      | Found Diddus's Food Emporium.
 13557 | D:9      | Offered knowledge of Inner Flame by Vehumet.
 13635 | D:9      | Noticed Pikel
 13639 | D:9      | Killed Pikel
 13738 | D:9      | Found a roughly hewn altar of Beogh.
 13826 | Orc:1    | Entered Level 1 of the Orcish Mines
 14405 | Orc:2    | Entered Level 2 of the Orcish Mines
 15324 | D:9      | Found Puik Hoka's Jewellery Shoppe.
 15413 | D:10     | Entered Level 10 of the Dungeon
 15418 | D:10     | Noticed Jerry's ghost (novice DgSk)
 15429 | D:10     | Killed Jerry's ghost
 15855 | D:10     | Noticed Psyche
 15859 | D:10     | Killed Psyche
 16237 | D:10     | Reached **** piety under Vehumet
 16597 | D:10     | Reached skill level 10 in Earth Magic
 16716 | D:10     | Found a staircase to the Lair.
 17151 | D:10     | Offered knowledge of Iskenderun's Battlesphere by Vehumet.
 17333 | D:10     | Learned a level 5 spell: Iskenderun's Battlesphere
 17358 | D:10     | Found Ruczeat's Distillery.
 17781 | D:11     | You fall through a shaft!
 17781 | D:12     | Noticed a hill giant
 17805 | D:11     | Noticed a cyclops
 18031 | D:11     | Noticed a hill giant
 18036 | D:11     | Killed a hill giant
 18036 | D:11     | Reached skill level 5 in Fighting
 18036 | D:11     | Reached skill level 5 in Maces & Flails
 18036 | D:11     | Reached skill level 5 in Armour
 18224 | D:11     | Noticed a cyan ugly thing
 18249 | D:11     | Killed a cyan ugly thing
 18429 | D:11     | Noticed a five-headed hydra
 18437 | D:11     | Killed a five-headed hydra
 18437 | D:11     | Reached XP level 12. HP: 56/68 MP: 2/26
 18446 | D:11     | Reached ***** piety under Vehumet
 18448 | D:11     | Noticed a five-headed hydra
 18458 | D:11     | HP: 1/68 [five-headed hydra (9)]
 18466 | D:11     | Killed a five-headed hydra
 18754 | D:11     | You fall through a shaft for 3 floors!
 18754 | D:14     | Noticed a catoblepas
 18757 | D:14     | Noticed Azrael
 18789 | D:14     | Killed a catoblepas
 19025 | D:14     | Offered knowledge of Olgreb's Toxic Radiance by Vehumet.
 19468 | D:14     | Reached skill level 5 in Dodging
 19676 | D:13     | Noticed a centaur warrior
 19689 | D:13     | Noticed a seven-headed hydra
 19694 | D:13     | Killed a centaur warrior
 19699 | D:13     | Found a gate to the Vaults.
 19925 | D:13     | Noticed a five-headed hydra
 19931 | D:13     | Killed a five-headed hydra
 20282 | D:13     | Learned a level 2 spell: Blink
 20286 | D:13     | Noticed a centaur warrior
 20288 | D:13     | Noticed a centaur warrior
 20315 | D:13     | Killed a centaur warrior
 22010 | D:12     | Reached XP level 13. HP: 75/75 MP: 23/28
 23030 | D:8      | Bought a book of Power for 630 gold pieces
 23038 | D:8      | Learned a level 5 spell: Bolt of Magma
 23046 | D:8      | Learned a level 6 spell: Iron Shot
 23478 | Lair:1   | Entered Level 1 of the Lair of Beasts
 23797 | Lair:1   | Offered knowledge of Bolt of Draining by Vehumet.
 23855 | Lair:1   | Learned a level 5 spell: Bolt of Draining
 24210 | Lair:1   | Noticed Erica
 24239 | Lair:1   | Killed Erica
 25748 | Lair:2   | Reached skill level 1 in Fire Magic
 27212 | Lair:3   | Reached skill level 2 in Fire Magic
 28528 | Lair:3   | Reached skill level 3 in Fire Magic
 29097 | Lair:3   | Gained mutation: Your large and strong wings let you fly indefinitely. [Gargoyle growth]
 29097 | Lair:3   | Reached XP level 14. HP: 82/82 MP: 30/30
 29356 | Lair:4   | Found a staircase to the Shoals.
 30399 | Lair:4   | Offered knowledge of Yara's Violent Unravelling by Vehumet.
 30426 | Lair:4   | Found a staircase to the Snake Pit.
 30639 | Lair:4   | Reached skill level 10 in Conjurations
 30639 | Lair:4   | Reached skill level 4 in Fire Magic
 33054 | D:8      | Bought an uncursed ring of magical power for 240 gold pieces
 33898 | Lair:5   | Reached skill level 6 in Fire Magic
 33898 | Lair:5   | Reached XP level 15. HP: 88/88 MP: 32/32
 35013 | Lair:5   | Offered knowledge of Poisonous Cloud by Vehumet.
 35230 | Lair:6   | Entered Level 6 of the Lair of Beasts
 37034 | Lair:6   | Found a staircase to the Slime Pits.
 37547 | Lair:6   | Reached XP level 16. HP: 92/94 MP: 12/33
 38149 | Lair:6   | Reached skill level 7 in Fire Magic
 40328 | Lair:6   | Offered knowledge of Freezing Cloud by Vehumet.
 40336 | Lair:6   | Learned a level 6 spell: Freezing Cloud
 42442 | D:14     | Killed Azrael
 42821 | D:14     | Noticed Nessos
 42827 | D:14     | Killed Nessos
 42960 | D:14     | Found Weuhyho's Weapon Shop.
 43267 | D:14     | Reached skill level 8 in Fire Magic
 43347 | D:14     | Found Harutoci's Assorted Antiques.
 43350 | D:14     | Bought a scroll labeled FUCKUE PITA for 36 gold pieces
 43725 | D:15     | Entered Level 15 of the Dungeon
 44507 | D:15     | Noticed Rupert
 44514 | D:15     | Killed Rupert
 45720 | D:15     | Found a staircase to the Depths.
 46766 | Orc:2    | Found a staircase to the Elven Halls.
 46875 | Orc:2    | Offered knowledge of Bolt of Cold by Vehumet.
 47440 | Orc:2    | Noticed Donald
 47444 | Orc:2    | Killed Donald
 47444 | Orc:2    | Reached skill level 1 in Ice Magic
 47646 | Orc:2    | Reached XP level 17. HP: 100/100 MP: 8/35
 48221 | Orc:2    | Found Icvir's Antique Weapon Emporium.
 48717 | Orc:2    | Reached skill level 9 in Fire Magic
 49281 | Orc:2    | Found Deojytz's General Store.
 49700 | Orc:2    | Found Anakh's Jewellery Shoppe.
 49717 | Orc:2    | Found Suwom's Antique Armour Shop.
 49810 | Orc:2    | Bought a pair of faintly humming gloves for 304 gold pieces
 49820 | Orc:2    | Identified the +1 pair of gloves of the Invisible Hand {rElec Int-4 SInv Stlth+} (You bought it in a shop on level 2 of the Orcish Mines)
 50066 | D:9      | Bought a pitted flail for 195 gold pieces
 50066 | D:9      | Identified the cursed +2 flail of Undoing {protect, *Noise rElec rN+ MR+} (You bought it in a shop on level 9 of the Dungeon)
 50098 | D:9      | Bought a scroll of recharging for 133 gold pieces
 50098 | D:9      | Bought a scroll of enchant weapon for 105 gold pieces
 50325 | Snake:1  | Entered Level 1 of the Snake Pit
 54188 | Snake:1  | Offered knowledge of Ozocubu's Refrigeration by Vehumet.
 54813 | Snake:2  | Reached skill level 10 in Fighting
 55515 | Snake:2  | Reached skill level 10 in Fire Magic
 55734 | Snake:2  | You are sucked into a shaft!
 56095 | Snake:3  | Got a polished triple sword
 56105 | Snake:3  | Identified the +4 triple sword of Punishment {slice, SInv} (You acquired it on level 3 of the Snake Pit)
 57143 | Snake:2  | Found Nunaen's Food Emporium.
 57143 | Snake:2  | Found Herus's Book Shoppe.
 57145 | Snake:2  | Found Webu's Jewellery Emporium.
 57266 | Snake:2  | Found Ziapom's Jewellery Shoppe.
 57858 | Snake:2  | Reached skill level 10 in Maces & Flails
 58021 | Snake:2  | Reached XP level 18. HP: 86/108 MP: 25/36
 60710 | Snake:2  | Reached skill level 15 in Spellcasting
 61922 | Snake:3  | Reached skill level 5 in Ice Magic
 62334 | Snake:3  | Reached skill level 11 in Fire Magic
 63471 | Snake:3  | Found a sacrificial altar of Ru.
 64658 | Snake:4  | Entered Level 4 of the Snake Pit
 67039 | Snake:4  | Reached XP level 19. HP: 110/114 MP: 4/38
 68967 | Snake:4  | Reached ****** piety under Vehumet
 68967 | Snake:4  | Reached skill level 12 in Fire Magic
 69837 | Snake:4  | Offered knowledge of Lehudib's Crystal Spear by Vehumet.
 69837 | Snake:4  | Offered knowledge of Shatter by Vehumet.
 69837 | Snake:4  | Offered knowledge of Tornado by Vehumet.
 73821 | Snake:4  | Got a serpentine rune of Zot
 74302 | Shoals:1 | Entered Level 1 of the Shoals
 74540 | Shoals:1 | Found Vaqax's Antique Armour Shop.
 74749 | Shoals:1 | Found Ucykan's Gadget Emporium.
 75602 | Shoals:1 | Reached skill level 15 in Earth Magic
 76857 | Shoals:1 | Reached XP level 20. HP: 92/120 MP: 19/39
 77968 | D:8      | Bought a book of Flames for 420 gold pieces
 77974 | D:8      | Learned a level 5 spell: Fireball
 78147 | Depths:1 | Entered Level 1 of the Depths
 78609 | Shoals:2 | Reached skill level 13 in Fire Magic
 81656 | Shoals:4 | Entered Level 4 of the Shoals
 81808 | Shoals:4 | Got an ancient dagger
 81809 | Shoals:4 | Identified the +9 dagger of Houmn {pierce, Fragile rF+ rN++ Int+4} (You found it on level 4 of the Shoals)
 82892 | Shoals:4 | Noticed Ilsuiw
 83495 | Shoals:4 | Killed Ilsuiw
 85116 | Shoals:4 | Got a barnacled rune of Zot
 86526 | Shoals:4 | Reached skill level 10 in Dodging
 87457 | Vaults:1 | Entered Level 1 of the Vaults
 87457 | Vaults:1 | Found Baisibb's Distillery.
 87461 | Vaults:1 | Bought a potion of invisibility for 120 gold pieces
 87671 | Vaults:1 | Found a magical portal.
 87693 | WizLab   | Entered Zonguldrok's Shrine
 88290 | WizLab   | Reached skill level 1 in Evocations
 88933 | WizLab   | Noticed an antique lich
 88939 | WizLab   | Killed an antique lich
 88939 | WizLab   | Reached XP level 21. HP: 92/127 MP: 31/41
 89346 | Vaults:1 | Learned a level 9 spell: Shatter
 89357 | Vaults:1 | Noticed Aizul
 89364 | Vaults:1 | Killed Aizul
 89507 | Vaults:1 | Reached skill level 14 in Fire Magic
 95463 | Vaults:2 | Reached XP level 22. HP: 97/132 MP: 37/42
 98979 | Vaults:3 | Found a staircase to the Crypt.
 99380 | Vaults:3 | Found Zainifawk's Armour Shoppe.
 99973 | Shoals:1 | Bought a wand of teleportation (7/9) for 495 gold pieces
102354 | Vaults:4 | Reached skill level 15 in Fire Magic
103400 | Vaults:4 | Reached XP level 23. HP: 46/138 MP: 13/44
107309 | Vaults:5 | Entered Level 5 of the Vaults
107318 | Vaults:5 | Noticed a golden dragon
107856 | Vaults:5 | Reached skill level 16 in Fire Magic
107863 | Vaults:4 | Reached XP level 24. HP: 70/145 MP: 21/45
108251 | Vaults:5 | Reached skill level 15 in Conjurations
110936 | Vaults:5 | Got a silver rune of Zot
111012 | Vaults:5 | Got a fine brass ring
111013 | Vaults:5 | Identified the ring "Viyff" {*Drain rElec rPois Int+3 SInv} (You found it on level 5 of the Vaults)
112880 | Vaults:5 | Learned a level 9 spell: Fire Storm
113829 | Vaults:4 | Gained mutation: You expend magic power (3 MP) to strengthen your wands. [a shining eye]
114164 | Elf:1    | Entered Level 1 of the Elven Halls
114310 | Elf:1    | Found a radiant altar of Vehumet.
114625 | Elf:1    | Reached XP level 25. HP: 152/152 MP: 19/45
114779 | Elf:1    | Reached skill level 17 in Fire Magic
116169 | Elf:2    | Noticed Roxanne
116171 | Elf:2    | Killed Roxanne
116446 | Elf:2    | Found Juassil's Weapon Shoppe.
116615 | Elf:2    | Found Yxuhu's Assorted Antiques.
117115 | Elf:2    | Found Geocolib's Book Emporium.
117602 | Elf:2    | Found a runed gate.
117602 | Elf:2    | Found a runed gate.
117602 | Elf:2    | Found a runed gate.
118843 | Elf:3    | Entered Level 3 of the Elven Halls
118984 | Elf:3    | Found Utunuhim's Food Boutique.
120042 | Elf:3    | Reached skill level 18 in Fire Magic
120055 | Elf:3    | Reached skill level 19 in Fire Magic
120138 | Elf:3    | Reached XP level 26. HP: 150/159 MP: 39/46
120364 | Elf:3    | Got a translucent great mace {crush}
120367 | Elf:3    | Identified the cursed +1 great mace "Cotel" {crush, rPois rN+ Dex+3} (You took it off a deep elf annihilator on level 3 of the Elven Halls)
120564 | Elf:3    | Identified Mueqod's Handbook of Curses
120579 | Elf:3    | Identified the Catalogue of the Sinister Snowflakes
121153 | Depths:1 | Noticed the Enchantress
121545 | Depths:1 | Noticed Asterion
121548 | Depths:1 | Killed the Enchantress
121549 | Depths:1 | Killed Asterion
121550 | Depths:1 | Noticed Mara
121898 | D:15     | Learned a level 2 spell: Repel Missiles
121906 | Depths:1 | Reached skill level 20 in Fire Magic
121906 | Depths:1 | Killed Mara
122125 | Depths:1 | Got faerie dragon scales
122126 | Depths:1 | Identified the +2 faerie dragon scales {*Drain rPois rN+ Dex+4} (You took it off the Enchantress on level 1 of the Depths)
122220 | Depths:1 | Got a jewelled mace
122221 | Depths:1 | Identified the cursed +3 mace "Grim" {drain, Str+2 Int+4 Dex+2} (You found it on level 1 of the Depths)
122353 | Depths:1 | Found a shimmering altar of Xom.
122364 | Depths:1 | Found Labbaat's Armour Boutique.
122372 | Depths:1 | Bought a +2 robe of the Archmagi for 565 gold pieces
122382 | Depths:1 | Found Ojosheci's Magic Scroll Boutique.
122386 | Depths:1 | Bought a scroll of enchant weapon for 90 gold pieces
122386 | Depths:1 | Bought a scroll of recharging for 114 gold pieces
122386 | Depths:1 | Bought a scroll of enchant weapon for 90 gold pieces
122805 | Depths:1 | Found a gateway to a ziggurat.
122811 | Depths:1 | Found a gateway to Hell.
123739 | Depths:2 | Reached skill level 21 in Fire Magic
125001 | Depths:2 | Found a one-way gate to the infinite horrors of the Abyss.
125237 | Depths:2 | Noticed Sojobo
125688 | Depths:1 | Killed Sojobo
126224 | Depths:1 | Lost mutation: You expend magic power (3 MP) to strengthen your wands. [potion of cure mutation]
126235 | Depths:2 | Reached skill level 22 in Fire Magic
126938 | Depths:2 | Reached XP level 27. HP: 72/164 MP: 9/46
127958 | Depths:3 | Found a one-way gate leading to the halls of Pandemonium.
128385 | Depths:3 | Reached skill level 23 in Fire Magic
128418 | Depths:3 | Noticed a juggernaut
128499 | Depths:3 | HP: 2/164 [juggernaut (47)]
128499 | Depths:3 | Mangled by a juggernaut

Skill      XL: |  1  2  3  4  5  6  7  8  9 10 11 12 13 14 15 16 17 18 19 20 21 22 23 24 25 26 27 |
---------------+----------------------------------------------------------------------------------+-----
Earth Magic    | 4 5 6 7 8 9 10 11 12 13 14 15 19 20 | 20.9
Spellcasting   | 3 4 5 6 7 8 9 10 11 12 13 14 15 16 17 18 19 | 19.1
Conjurations   | 1 2 4 5 6 7 8 9 10 11 12 13 14 15 | 15.8
Maces & Flails | 2 3 5 6 7 8 9 10 11 12 13 14 | 14.3
Dodging        | 2 3 4 5 6 7 8 9 10 11 | 11.9
Fighting       | 1 3 5 6 7 8 9 10 11 12 13 14 | 14.4
Armour         | 2 3 5 6 7 8 9 |  9.4
Fire Magic     | 3 6 8 10 11 12 13 14 15 16 19 22 23 | 23.2
Ice Magic      | 1 4 5 7 |  7.1
Evocations     | 4 |  4.0
Stealth        | |  2.1
Transmutations | |  0.7

Action                   |  1- 3 |  4- 6 |  7- 9 | 10-12 | 13-15 | 16-18 | 19-21 | 22-24 | 25-27 || total
-------------------------+-------+-------+-------+-------+-------+-------+-------+-------+-------++-------
Melee: Mace              |    18 |       |       |       |       |       |       |       |       ||    18
       Quarterstaff      |       |    87 |       |       |       |       |       |       |       ||    87
       Flail             |       |       |   302 |   517 |   634 |   406 |   169 |    40 |       ||  2068
       Staff             |       |       |       |       |    32 |       |    27 |    67 |    16 ||   142
       Demon whip        |       |       |       |       |       |       |       |    59 |   191 ||   250
 Cast: Sandblast         |    56 |    45 |    73 |     2 |       |       |       |       |       ||   176
       Stone Arrow       |       |     7 |    48 |   268 |   101 |    50 |    25 |     9 |     2 ||   510
       Lee's Rapid Decon |       |       |     5 |    11 |    20 |    79 |    89 |    22 |     1 ||   227
       Iskenderun's Batt |       |       |       |    10 |     2 |       |     1 |       |     1 ||    14
       Bolt of Magma     |       |       |       |       |   188 |   421 |   362 |    97 |    37 ||  1105
       Bolt of Draining  |       |       |       |       |    58 |   330 |   192 |    10 |    12 ||   602
       Iron Shot         |       |       |       |       |     6 |    34 |   154 |   270 |   156 ||   620
       Blink             |       |       |       |       |     2 |       |       |       |       ||     2
       Freezing Cloud    |       |       |       |       |       |     6 |    62 |     3 |     7 ||    78
       Fireball          |       |       |       |       |       |       |   210 |    54 |     5 ||   269
       Shatter           |       |       |       |       |       |       |     7 |   103 |   124 ||   234
       Fire Storm        |       |       |       |       |       |       |       |       |    16 ||    16
       Repel Missiles    |       |       |       |       |       |       |       |       |     2 ||     2
 Abil: Fly               |       |       |       |       |     1 |       |       |       |     1 ||     2
       Stop Flying       |       |       |       |       |       |       |       |     1 |       ||     1
Evoke: Wand              |       |     1 |     8 |    24 |     5 |    19 |    12 |    10 |     5 ||    84
       Sack of spiders   |       |       |       |     2 |       |     4 |     1 |       |       ||     7
       Staff of energy   |       |       |       |       |     6 |     2 |    52 |    25 |    20 ||   105
  Use: Scroll            |       |     8 |    11 |    17 |    10 |    19 |    15 |     7 |    20 ||   107
       Potion            |       |     1 |     1 |     6 |     4 |     4 |     5 |     7 |     9 ||    37
 Stab: Sleeping          |       |     4 |     1 |     1 |     2 |     1 |       |       |       ||     9
       Distracted        |       |       |       |     1 |       |     2 |       |       |       ||     3
  Eat: Chunk             |     3 |     8 |    20 |    57 |    71 |   120 |   101 |    71 |    85 ||   536
       Pizza             |       |       |     1 |     1 |       |       |     6 |       |     5 ||    13
       Beef jerky        |       |       |     1 |     1 |       |       |     2 |       |     3 ||     7
       Fruit             |       |       |       |     3 |       |    15 |       |     6 |    10 ||    34
       Bread ration      |       |       |       |       |       |       |     1 |       |       ||     1
       Royal jelly       |       |       |       |       |       |       |       |       |     1 ||     1
Armor: Robe              |    15 |    75 |   252 |   429 |   401 |   409 |   294 |   276 |   288 ||  2439
Dodge: Dodged            |    41 |   111 |   335 |   510 |   597 |   646 |   386 |   296 |   394 ||  3316
       Deflected         |       |       |       |       |       |       |       |       |     7 ||     7
